 Dungeon Crawl Stone Soup version 0.30.0-29-ga12c61a403 (webtiles) character file.

Game seed: 2509519262320842290

7 cheesebisquit the Caller (level 1, 0/7 HPs)
             Began as a Felid Summoner on June 12, 2023.
             Slain by a quokka (2 damage)
             ... on level 1 of the Dungeon.
             The game lasted 00:01:26 (154 turns).

cheesebisquit the Caller (Felid Summoner)            Turns: 154, Time: 00:01:26

Health: 0/7        AC:  1    Str:  4    XL:     1   Next: 83%
Magic:  2/4        EV: 17    Int: 16    God:
Gold:   7          SH:  0    Dex: 16    Spells: 3/4 levels left
                                        Lives:  0   Deaths: 0

rFire   . . .        (weapon unavailable)
rCold   . . .        (shield unavailable)
rNeg    . . .        (body armour unavailable)
rPois   .            (helmet unavailable)
rElec   .            (cloak unavailable)
rCorr   .            (gloves unavailable)
SInv    +            (boots unavailable)
Will    .....        (no amulet)
Stlth   ++           (no ring)
HPRegen 0.21/turn    (no ring)
MPRegen 0.09/turn

%: no passive effects
@: quick
A: very small, claws 1, fangs 3, see invisible, speed 1, shaggy fur 1, stealthy
paws, no weapons or thrown items, no armour, multi-lived
a: no special abilities


You were on level 1 of the Dungeon.
You visited 1 branch of the dungeon, and saw 1 of its levels.

You collected 7 gold pieces.

Inventory:

Potions
 a - a potion of magic


   Skills:
 - Level 2.6 Dodging
 - Level 2.6 Stealth
 + Level 2.2 Spellcasting
 + Level 4.2 Summonings


You had 3 spell levels left.
You knew the following spells:

 Your Spells              Type           Power      Damage    Failure   Level
a - Summon Small Mammal   Summ           60%        N/A       3%          1

Your spell library contained the following spells:

 Spells                   Type           Power      Damage    Failure   Level
 Call Imp                 Summ           30%        N/A       5%          2
 Call Canine Familiar     Summ           15%        N/A       11%         3
 Summon Guardian Golem    Hex/Summ       8%         N/A       26%         3
 Summon Lightning Spire   Summ/Air       8%         N/A       63%         4


Dungeon Overview and Level Annotations

Branches:
Dungeon (1/15)

Altars:


Innate Abilities, Weirdness & Mutations

You have sharp claws.
You have razor-sharp teeth.
You have supernaturally acute eyesight. (SInv)
You cover ground quickly. (Speed+)
You are covered in fur. (AC +1)
Your paws help you pounce on unaware monsters.
You are incapable of wielding weapons or throwing items.
You cannot wear armour.
You gain extra lives every three experience levels.


Message History

Your bat hits the dart slug. The dart slug bites your bat.
Your bat hits the dart slug. Your bat hits the dart slug.
The dart slug closely misses your bat.
Your bat hits the dart slug.
The dart slug dies!
Your bat disappears in a puff of smoke!
A quokka comes into view.
A quokka is nearby!
A kobold comes into view. It is wielding a +0 short sword.
Your quokka disappears in a puff of smoke!
The kobold shouts!
You hear a shout!
An endoplasm comes into view.
A kobold comes into view. It is wielding a +0 short sword.
The quokka bites your quokka.
Your quokka bites the quokka but does no damage.
The quokka closely misses your quokka.
Your bat hits the quokka but does no damage.
Your quokka closely misses the quokka.
The quokka bites your quokka.
Your quokka closely misses the quokka.
Your bat hits the quokka but does no damage.
The quokka bites your quokka.
Your quokka dies!
Your quokka's corpse disappears in a puff of smoke!
Your bat barely misses the quokka.
The kobold completely misses you.
You closely miss the kobold.
Your bat closely misses the quokka. x2
The kobold barely misses you.
Your bat hits the endoplasm but does no damage.
You scratch the kobold but do no damage.
Your bat closely misses the quokka.
Your bat barely misses the quokka.
Your bat hits the endoplasm but does no damage.
The quokka closely misses you.
Your bat closely misses the kobold.
The endoplasm closely misses your bat.
The kobold hits you with a +0 short sword.
Ouch! That really hurt!
* * * LOW HITPOINT WARNING * * *
The kobold hits your bat with a +0 short sword.
Your bat dies!
Your bat's corpse disappears in a puff of smoke!
The quokka bites you.
You die...

... .... .....
#...#........... ...#..
................ ......#
#.##........... .......
#.##.........# #......
#.##........>#
.....#J##.#..........#
#...K....#........#
##b§r@.........#
.....K....######..#
..........#######.#
..#####........##.####.#
# #....####.##......#
...#### #.....###..# .##
##.##...# # .#
##..###..# #..## #....


You could see an endoplasm, a quokka (ally target), 2 kobolds and a friendly bat
(summoned).

Vanquished Creatures
  A ball python (D:1)
1 creature vanquished.

Vanquished Creatures (collateral kills)
  A dart slug (D:1)
  2 endoplasms (D:1)
  A bat (D:1)
4 creatures vanquished.

Grand Total: 5 creatures vanquished

Notes
Turn   | Place    | Note
-------+----------+-------------------------------------------
     0 | D:1      | cheesebisquit the Felid Summoner began the quest for the
                  | Orb.
     0 | D:1      | Reached XP level 1. HP: 7/7 MP: 4/4
   154 | D:1      | Slain by a quokka

Illustrated notes

Levels and vault maps discovered:
D:1:      dpeg_arrival_radiant, layout_rooms, hellmonk_ecumenical_altar_run_dry,
          minmay_tromino_v4_c

Action                     || total
---------------------------++-------
  Melee: Unarmed           ||     4
   Cast: Summon Small Mamm ||    10
  Dodge: Dodged            ||     8
